 Dungeon Crawl Stone Soup version 0.27-a0-780-geb8d7bc690 (webtiles) character file.

Game seed: 13086195334367040914

46 EnegeticOcto the Magician (level 3, 0/28 HPs)
             Began as a Djinni Ice Elementalist on Mar 26, 2021.
             Slain by a scorpion (2 damage)
             ... on level 4 of the Dungeon.
             The game lasted 00:03:03 (564 turns).

EnegeticOcto the Magician (Djinni Ice Elementalist)  Turns: 564, Time: 00:03:03

Health: 0/28       AC:  8    Str:  7    XL:     3   Next: 66%
Gold:   76         EV: 12    Int: 17    God:
                   SH:  0    Dex: 13

rFire    + + .     SeeInvis .   b - +0 trident
rCold    x . .     Faith    .   (no shield)
rNeg     . . .     Spirit   .   a - +0 robe
rPois    ∞         Reflect  .   (no helmet)
rElec    .         Harm     .   (no cloak)
rCorr    .         Rampage  .   (no gloves)
Will     .....                  (boots unavailable)
Stlth    ++........             (no amulet)
HPRegen  0.09/turn              (no ring)
MPRegen  0.00/turn              (no ring)

@: ice-armoured, flying
A: fire resistance 2, cold vulnerability 1, float, innate caster, hp casting,
extra vitality 1
a: no special abilities


You were on level 4 of the Dungeon.
You visited 1 branch of the dungeon, and saw 4 of its levels.

You collected 76 gold pieces.

Inventory:

Hand Weapons
 b - a +0 trident (weapon)
   (You found it on level 2 of the Dungeon)
 i - a +0 long sword
   (You found it on level 3 of the Dungeon)
Armour
 a - a +0 robe (worn)
 c - a +0 kite shield
   (You found it on level 1 of the Dungeon)
 j - a +1 scale mail of fire resistance
   (You took it off an orc on level 3 of the Dungeon)
Scrolls
 f - a scroll of fog {unknown}
 h - a scroll of immolation {unknown}
 l - a scroll of amnesia {unknown}
 m - a scroll of magic mapping {unknown}
Potions
 d - a potion of heal wounds {unknown}
 e - 2 potions of haste {unknown}
 g - a potion of mutation {unknown}
 k - a potion of curing {unknown}


   Skills:
 + Level 1.8 Fighting
 - Level 2.3 Dodging
 - Level 1.7 Stealth
 + Level 4.1 Spellcasting


You couldn't memorise any spells.
You knew the following spells:

 Your Spells              Type           Power      Damage    Failure   Level
a - Freeze                Ice            68%        1d8       3%          1
b - Frozen Ramparts       Ice            34%        1d5       9%          3
c - Ozocubu's Armour      Ice            17%        N/A       9%          3
d - Hailstorm             Conj/Ice       17%        3d6       28%         4
e - Summon Ice Beast      Ice/Summ       17%        N/A       28%         4
f - Sandblast             Erth           34%        2d9       3%          1
Your spell library was empty.

Dungeon Overview and Level Annotations

Branches:
Dungeon (4/15)
 Temple: D:4-7

Altars:


Innate Abilities, Weirdness & Mutations

You are immune to poison.
Your flesh is very heat resistant. (rF++)
You are vulnerable to cold. (rC-)
You float through the air rather than walking.
You learn spells naturally, not from books.
Your magical power is your life essence.
You have superior vitality. (+4 HP)


Message History

a +0 whip; a +1 scale mail of fire resistance
j - a +1 scale mail of fire resistance
k - a fizzy orange potion
Found a whip.
An adder comes into view.
The adder hisses angrily.
The adder bites you.
Casting: Frozen Ramparts (quite dangerous; 9% risk of failure)
Confirm with . or Enter, or press ? or * to list all spells.
Aiming: Freeze (safe; 3% risk of failure)
Press: ? - help, Shift-Dir - straight line, f - adder
Aim: an adder You freeze the adder.
The adder is moderately wounded.
The adder seems to slow down.
Casting: Freeze (safe; 3% risk of failure)
Confirm with . or Enter, or press ? or * to list all spells.
Aiming: Freeze (safe; 3% risk of failure)
Press: ? - help, Shift-Dir - straight line, f/p - adder
Aim: an adder (moderately wounded, slow)
You freeze the adder!
You kill the adder!
Found a whip.
Found a stone staircase leading down.
There is a stone staircase leading down here.
(D) Dungeon
Where to? (Enter - D:3, ? - help)
There is a stone staircase leading down here.
You fly downwards.
An endoplasm comes into view.
Found three items.
Found a stone staircase leading down.
There is a stone staircase leading up here.
Found 15 gold pieces.
l - a scroll labelled HOMYRE NENUDGH
m - a scroll labelled NAWKICI OGOAPP A kobold comes into view.
It is wielding a +0 short sword.
You see here 15 gold pieces.
You now have 64 gold pieces (gained 15).
Found 12 gold pieces.
A scorpion comes into view.
The kobold shouts!
The kobold misses you.
Casting: Freeze (safe; 3% risk of failure)
Confirm with . or Enter, or press ? or * to list all spells.
Aiming: Freeze (safe; 3% risk of failure)
Press: ? - help, Shift-Dir - straight line, f - kobold
Aim: a kobold, wielding a +0 short sword and quivering stones You freeze the kobold.
The kobold is heavily wounded.
The kobold hits you with a +0 short sword.
Casting: Freeze (safe; 3% risk of failure)
Confirm with . or Enter, or press ? or * to list all spells.
Aiming: Freeze (safe; 3% risk of failure)
Press: ? - help, Shift-Dir - straight line, f/p - kobold
Aim: a kobold, wielding a +0 short sword and quivering stones (heavily wounded)
You freeze the kobold.
You kill the kobold!
You see here 12 gold pieces.
You now have 76 gold pieces (gained 12).
Found a stone staircase leading down.
Found a chain mail.
Casting: Freeze (safe; 3% risk of failure)
Confirm with . or Enter, or press ? or * to list all spells.
The spell is quite dangerous to cast (9% risk of failure)!
Continue anyway?
A film of ice covers your body!
Casting: Ozocubu's Armour (quite dangerous; 9% risk of failure)
Confirm with . or Enter, or press ? or * to list all spells.
Aiming: Freeze (safe; 3% risk of failure)
Press: ? - help, Shift-Dir - straight line, f - scorpion
Aim: a scorpion You freeze the scorpion!
The scorpion is moderately wounded.
The scorpion stings you.
* * * LOW HITPOINT WARNING * * *
Casting: Freeze (safe; 3% risk of failure)
Confirm with . or Enter, or press ? or * to list all spells.
Aiming: Freeze (safe; 3% risk of failure)
Press: ? - help, Shift-Dir - straight line, f/p - scorpion
Aim: a scorpion (moderately wounded)
You freeze the scorpion.
The scorpion is severely wounded.
* * * LOW HITPOINT WARNING * * *
The scorpion stings you.
* * * LOW HITPOINT WARNING * * *
Casting: Freeze (safe; 3% risk of failure)
Confirm with . or Enter, or press ? or * to list all spells.
You don't have enough health to cast this spell.
You closely miss the scorpion.
The scorpion is severely wounded.
The scorpion stings you but does no damage.
You closely miss the scorpion.
The scorpion is severely wounded.
The scorpion closely misses you.
You hit the scorpion but do no damage.
The scorpion is severely wounded.
The scorpion barely misses you.
You hit the scorpion but do no damage.
The scorpion is severely wounded.
The scorpion stings you.
You die...

...........###.##
............#...###
..................##
..............#.#..#
..............####.###
.............)#.##...#
...........#.......###
...>.......#....s####..#
...#............@.......
...#..####...##......[..
...... #..............
#..............
#....##.#####.. ...>.
.## # #.... # #..#


You could see a scorpion.

Vanquished Creatures
  2 adders
  A worm (D:2)
  An orc (D:3)
  2 bats
  A giant cockroach (D:1)
  A goblin (D:3)
  5 hobgoblins
  A jackal (D:3)
  2 ball pythons (D:1)
  3 kobolds
  5 rats
24 creatures vanquished.

Notes
Turn   | Place    | Note
-------+----------+-------------------------------------------
     0 | D:1      | EnegeticOcto the Djinni Ice Elementalist began the quest
                  | for the Orb.
     0 | D:1      | Reached XP level 1. HP: 15/15 MP: 0/0
   119 | D:1      | Reached XP level 2. HP: 12/21 MP: 0/0
   284 | D:3      | Reached skill level 1 in Fighting
   410 | D:2      | Reached skill level 4 in Spellcasting
   410 | D:2      | Reached XP level 3. HP: 19/27 MP: 0/0
   410 | D:2      | Learned a level 1 spell: Sandblast
   541 | D:4      | Noticed a scorpion
   560 | D:4      | HP: 1/28 [scorpion (3)]
   564 | D:4      | Slain by a scorpion

Illustrated notes

Levels and vault maps discovered:
D:1:      sevenhm_arrival_forest_fort_large_3, layout_loops_ring,
          grunt_decor_fettered, minivault_24, chequers_decorated_corner
D:2:      cheibrodos_greedy_goblins, layout_rooms
D:3:      layout_loops_ring, solitary_fountain, chequers_serial_rivers_micro_c
D:4:      layout_cave_pools, lemuel_round_altar, minitemple,
          minmay_temple_entry_ruins, grunt_gozag_statues

Skill      XL: |  1  2 |
---------------+-------+-----
Fighting       | 1 |  1.8
Spellcasting   | 4 |  4.1
Dodging        | |  2.3
Stealth        | |  1.7

Action                   || total
-------------------------++-------
Melee: Trident           ||    18
 Cast: Freeze            ||    31
       Ozocubu's Armour  ||     1
       Frozen Ramparts   ||     1
 Stab: Sleeping          ||     4
Armor: Robe              ||     1
Dodge: Dodged            ||    19

Table legend: (Time is in decaauts)
 A = Elapsed time spent in this place.
 B = Non-inter-level travel time spent in this place.
 C = Inter-level travel time spent in this place.
 D = Time resting spent in this place.
 E = Time spent auto-exploring this place.
 F = Levels seen in this place.
 G = Mean time per level.
                   A        B        C        D        E       F      G
               +--------+--------+--------+--------+--------+-----+--------+
         Total |    572 |    499 |     73 |      0 |      0 |   4 |  143.0 |
       Dungeon |    572 |    499 |     73 |      0 |      0 |   4 |  143.0 |
               +--------+--------+--------+--------+--------+-----+--------+

Top non-repeatable levels by time:
     D:3: 205 daAuts
     D:1: 166 daAuts
     D:2: 161 daAuts
     D:4: 39 daAuts
